 Dungeon Crawl Stone Soup version 0.26.0-11-g8f856b5395 (webtiles) character file.

Game seed: 15182654461633786012

365 waddelsworth the Digger (level 6, -1/32 HPs)
             Began as a Gargoyle Earth Elementalist on Jan 15, 2021.
             Slain by an orc priest (4 damage)
             ... on level 3 of the Dungeon.
             The game lasted 00:17:38 (3803 turns).

waddelsworth the Digger (GrEE)                      Turns: 3803, Time: 00:17:39

Health: -1/32      AC:  7    Str: 11    XL:     6   Next: 68%
Magic:  7/10       EV: 12    Int: 18    God:
Gold:   132        SH:  0    Dex: 10    Spells: 7/11 levels left

rFire    + . .     SeeInvis .   e - +0 dagger (venom)
rCold    x . .     Faith    .   (no shield)
rNeg     + . .     Spirit   .   c - +0 robe
rPois    ∞         Reflect  .   (no helmet)
rElec    +         Harm     .   q - +0 cloak
rCorr    .         Rampage  .   (no gloves)
Will     .....                  (no boots)
Stlth    ++........             (no amulet)
HPRegen  0.10/turn              k - ring of fire
MPRegen  0.12/turn              (no ring)

@: about to teleport
A: negative energy resistance 1, electricity resistance, unbreathing,
petrification resistance, miasma immunity, AC +4
a: no special abilities


You were on level 3 of the Dungeon.
You visited 1 branch of the dungeon, and saw 4 of its levels.

You collected 132 gold pieces.

Inventory:

Hand Weapons
 a - a +2 hand axe of electrocution
 e - a +0 dagger of venom (weapon)
 m - a +1 dagger of venom
 p - a +2 quarterstaff of chaos
Missiles
 b - 26 stones
 l - 23 poisoned darts (quivered)
 t - 3 atropa-tipped darts
Armour
 c - a +0 robe (worn)
 q - a +0 cloak (worn)
Jewellery
 k - a ring of fire (left hand)
Scrolls
 d - a scroll of random uselessness
 f - a scroll of remove curse {unknown}
 g - 2 scrolls of identify
 i - a scroll of immolation {unknown}
 s - a scroll of enchant armour {unknown}
 u - a scroll of fear {unknown}
Potions
 j - a potion of cancellation
 n - a potion of degeneration {unknown}
 o - a potion of flight {unknown}
 r - a potion of heal wounds {unknown}


   Skills:
 + Level 2.7 Dodging
 - Level 4.0 Stealth
 + Level 3.1 Spellcasting
 * Level 2.9 Conjurations
 - Level 1.5 Transmutations
 + Level 4.9 Earth Magic


You had 7 spell levels left.
You knew the following spells:

 Your Spells              Type           Power        Failure   Level
a - Sandblast             Erth           40%          2%          1
b - Stone Arrow           Conj/Erth      34%          10%         3

Your spell library contained the following spells:

 Spells                   Type           Power        Failure   Level
 Passwall                 Tmut/Erth      11%          6%          2
 Petrify                  Tmut/Erth      14%          38%         4
 Lee's Rapid Deconstruct  Erth           10%          52%         5


Dungeon Overview and Level Annotations

Branches:
Dungeon (4/15)
 Temple: D:4-7

Altars:
Gozag
Hepliaklqana


Innate Abilities, Weirdness & Mutations

You are resistant to torment.
Your stone body is resilient. (AC +4)
You are immune to poison.
You resist negative energy. (rN+)
You are resistant to electric shocks. (rElec)
You can survive without breathing.
You are immune to petrification.
You are immune to miasma.


Message History

The orc priest is lightly wounded.
b - 26 stones The orc priest calls down the wrath of Beogh upon you.
You barely resist. The orc wizard barely misses you. The orc priest hits you.
The orc wizard hits you with a +0 dagger.
The orc priest mumbles some strange prayers to Beogh against you.
Beogh smites you!
* * * LOW HITPOINT WARNING * * *
You climb upwards.
There is a stone staircase leading down here.
Okay, then.
As you read the scroll of teleportation, it crumbles to dust.
You feel strangely unstable.
You feel yourself speed up.
The orc wizard points at you and mumbles some strange words.
You resist with some effort.
The orc wizard hits you but does no damage.
The orc priest hits you.
You die...

.#.##........#........# ####
.#.##........#......).# #...
.............########)# #)..
...##..........# #.## #...
.#.##........#.# #..## #..<
.#.##.<......#.# ##..## #...
.......[.)...#.## #...# ##...
....####..####.o### #...####....
.#...........##.@o####...##......
.#...##.#.##.####...######..##...
.###...........####.####.........
## ####.............#....#.###..#
#### #.#####..............###..#
...# ##.### #....................
...# #....# #..........#####.....
...###....###........#.# ###..##
#...................##.# ##....#


You could see an orc priest and an orc wizard (fast).

Vanquished Creatures
  Crazy Yiuf (D:2)
  2 hounds (D:4)
  2 orc priests (D:3)
  A hound skeleton (D:4)
  7 gnolls
  4 adders
  2 oozes
  A worm (D:2)
  A leopard gecko (D:1)
  8 orcs
  A ball python (D:2)
  2 giant cockroaches
  7 goblins
  8 hobgoblins
  10 jackals
  7 kobolds
  A quokka (D:2)
  11 bats
  6 frilled lizards
  A leopard gecko zombie (D:2)
  3 rats
86 creatures vanquished.

Vanquished Creatures (others)
  6 plants (D:2)
6 creatures vanquished.

Grand Total: 92 creatures vanquished

Notes
Turn   | Place    | Note
-------+----------+-------------------------------------------
     0 | D:1      | waddelsworth the Gargoyle Earth Elementalist began the
                  | quest for the Orb.
     0 | D:1      | Reached XP level 1. HP: 10/10 MP: 3/3
   203 | D:1      | Reached skill level 1 in Transmutations
   203 | D:1      | Reached XP level 2. HP: 9/15 MP: 5/5
   959 | D:1      | Reached XP level 3. HP: 2/19 MP: 3/6
  1450 | D:2      | Found a hazy altar of Hepliaklqana.
  1578 | D:2      | Learned a level 3 spell: Stone Arrow
  1600 | D:2      | Reached XP level 4. HP: 19/24 MP: 0/7
  1905 | D:2      | Found an opulent altar of Gozag.
  2462 | D:2      | Found a runed translucent door.
  2463 | D:2      | Noticed Crazy Yiuf
  2657 | D:2      | Killed Crazy Yiuf
  2658 | D:2      | Reached skill level 1 in Conjurations
  2658 | D:2      | Reached XP level 5. HP: 28/28 MP: 4/9
  3148 | D:3      | Reached XP level 6. HP: 24/32 MP: 4/10
  3526 | D:3      | Found a faded altar of an unknown god.
  3803 | D:3      | Slain by an orc priest

Illustrated notes

Levels and vault maps discovered:
D:1:      scummos_arrival_simple_fountains, layout_basic
D:2:      layout_loops_ring, grunt_gozag_statues, lemuel_doored_altar,
          serial_forest, infiniplex_forest_clump_large,
          infiniplex_forest_straight_2, infiniplex_forest_clump_small,
          infiniplex_forest_straight_3, infiniplex_forest_lined_ring,
          infiniplex_forest_end_1, infiniplex_forest_straight_2, minivault_11,
          uniq_crazy_yiuf_cottage
D:3:      layout_rooms, chequers_ecumenical_altar_island
D:4:      layout_cave_pools, nicolae_overflow_crystal_walls, serial_shops,
          nicolae_shop_overgrown_old_shop,
          nicolae_shop_competitors_out_of_business,
          nicolae_shop_overgrown_old_shop, lemuel_altar_in_water

Skill      XL: |  1  2  3  4  5  6 |
---------------+-------------------+-----
Transmutations | 1 |  1.5
Earth Magic    | 4 |  4.9
Dodging        | 2 |  2.7
Stealth        | 3 4 |  4.0
Conjurations   | 1 2 |  2.9
Spellcasting   | 3 |  3.1

Action                   |  1- 3 |  4- 6 || total
-------------------------+-------+-------++-------
Melee: Dagger            |    54 |    54 ||   108
Throw: Dart              |       |     1 ||     1
 Cast: Sandblast         |    19 |    89 ||   108
  Use: Scroll            |       |     4 ||     4
 Stab: Sleeping          |     2 |       ||     2
Armor: Robe              |    21 |    27 ||    48
Dodge: Dodged            |    40 |    49 ||    89
